 Dungeon Crawl Stone Soup version 0.20.1-1-g8b1a95d (webtiles) character file.

3323 Kingsmith the Fighter (level 9, 0/95 (96) HPs)
             Began as a Troll Berserker on Dec 11, 2017.
             Was an Elder of Trog.
             Slain by a killer bee (4 damage)
             ... on level 8 of the Dungeon.
             The game lasted 00:07:40 (5093 turns).

Kingsmith the Fighter (Troll Berserker)             Turns: 5093, Time: 00:07:41

HP:   0/95 (96)     AC: 10    Str: 28    XL:     9   Next: 71%
MP:   8/8           EV: 19    Int:  4    God:    Trog [****..]
Gold: 460           SH:  0    Dex: 15    Spells: 8/8 levels left

rFire    . . .     SeeInvis +     - Unarmed
rCold    . . .     Gourm    +   (no shield)
rNeg     . . .     Faith    .   a - +0 animal skin
rPois    .         Spirit   .   (helmet restricted)
rElec    .         Reflect  .   l - +0 cloak
rCorr    .         Harm     .   (gloves unavailable)
MR       ++...                  (boots unavailable)
Stlth    ++........             (no amulet)
Regen    1.7/turn               g - ring of see invisible
MPRegen  0.2/turn               m - +4 ring of protection

@: agile, lethally poisoned (0 -> -18), berserk cooldown, regenerating, hasted
and slowed
A: unfitting armour, claws 3, fast metabolism 3, gourmand, regeneration 1,
shaggy fur 1, tough skin 2
a: Berserk, Trog's Hand, Brothers in Arms, Burn Spellbooks, Renounce Religion


You were on level 8 of the Dungeon.
You worshipped Trog.
Trog was greatly pleased with you.
You were not hungry.

You visited 1 branch of the dungeon, and saw 8 of its levels.

You collected 460 gold pieces.

Inventory:

Armour
 a - a +0 animal skin (worn)
 l - a +0 cloak (worn)
Jewellery
 g - a ring of see invisible (left claw)
 m - a +4 ring of protection (right claw)
 E - an uncursed ring of fire {unknown}
Wands
 c - a wand of confusion (27/48)
 n - a wand of confusion (32/48)
 o - a wand of acid (7/15)
 B - a wand of flame (10/48)
 C - a wand of flame (20/48)
Scrolls
 d - a scroll of enchant weapon
 f - 5 scrolls of teleportation
 i - 4 scrolls of remove curse
 r - a scroll of blinking {unknown}
 s - a scroll of recharging {unknown}
 v - 3 scrolls of enchant armour {unknown}
 w - 4 scrolls of identify
 y - a scroll of immolation {unknown}
 A - a scroll of amnesia {unknown}
Potions
 e - 2 potions of degeneration {unknown}
 h - 4 potions of flight
 j - 3 potions of haste
 q - a potion of magic {unknown}
 t - a potion of berserk rage {unknown}
 u - 3 potions of curing {unknown}
 x - a potion of agility
 D - a potion of invisibility {unknown}
Books
 z - a book of Maledictions

   Spells                             Type                      Level
   a - Corona                         Hexes                        1
   b - Ensorcelled Hibernation        Hexes/Ice                    2
   c - Confuse                        Hexes                        3
   d - Tukima's Dance                 Hexes                        3
   e - Dazzling Spray                 Conjuration/Hexes            3
   Trog disapproves of the use of such an item.
Comestibles
 b - 5 bread rations
 k - 8 fruits
 p - 4 meat rations


   Skills:
 + Level 8.1 Fighting
 - Level 7.1 Dodging
 - Level 7.2 Unarmed Combat


You had 8 spell levels left.
You didn't know any spells.

Dungeon Overview and Level Annotations

Branches:
Dungeon (8/15)             Temple (0/1) D:7
   Lair: D:8-11

Altars:
Dithmenos
Fedhas
Gozag
Qazlal
Uskayaw
Vehumet
Yredelemnul
The Shining One

Annotations:
D:6 1 runed door


Innate Abilities, Weirdness & Mutations

You are too large for most types of armour.
You have claws for hands.
Your metabolism is lightning-fast.
You like to eat raw meat.
Your natural rate of healing is unusually fast.
You are covered in fur. (AC +1)
You have very tough skin. (AC +2)


Message History

The killer bee stings you but does no damage.
The killer bee completely misses you.
Unknown command.
Unknown command.
It was a potion of haste.
You feel yourself speed up.
* * * LOW HITPOINT WARNING * * *
You feel very sick. The killer bee misses you. The killer bee stings you.
* * * LOW HITPOINT WARNING * * *
The killer bee closely misses you. The killer bee stings you.
* * * LOW HITPOINT WARNING * * *
You are more poisoned.
The killer bee poisons you!
Your ogre closely misses the queen bee.
The killer bee barely misses you. The killer bee stings your ogre!
The killer bee stings you but does no damage.
The killer bee misses you. The killer bee barely misses you.
The killer bee stings you but does no damage.
Your ogre barely misses the killer bee.
The killer bee completely misses you. The killer bee stings your ogre.
The killer bee stings you.
You die...

#...........##.....###
#...........##(....# #
#.......######.....# #
###.......#### #.....#
# #............#
#.....# #
#............# #.....#
# #......).....#
#.....# #
#.....†).....# #######
# #....Oy@y....#
#....yyyyy)..#
#.....yy.....#
.............#
#............#
.............#
y..####......# .##
##....##


You could see a queen bee, 9 killer bees and a friendly ogre (berserk).

Vanquished Creatures
  Maurice (D:8)
  A hippogriff (D:7)
  An orc warrior (D:6)
  A sky beast (D:8)
  A black bear (D:8)
  3 necrophages
  6 ogres
  4 bullfrogs
  A wyvern zombie (D:5)
  4 scorpions
  2 killer bees (D:8)
  A howler monkey (D:6)
  2 crimson imps (D:5)
  4 orc wizards
  7 orc priests
  3 hounds
  A bullfrog skeleton (D:6)
  Ijyb (D:3)
  11 worker ants
  An iguana (D:5)
  Robin (D:2)
  4 gnolls (D:6)
  3 adders
  2 shadow imps
  2 oozes
  2 worms
  A dart slug (D:2)
  4 leopard geckos
  36 orcs
  6 bats
  15 giant cockroaches
  13 goblins
  6 hobgoblins
  18 jackals
  7 kobolds
  4 frilled lizards
  A jackal skeleton (D:8)
  A jackal zombie (D:6)
  8 rats
190 creatures vanquished.

Vanquished Creatures (collateral kills)
  A killer bee (D:8)
  2 worker ants (D:6)
  A butterfly (D:6)
4 creatures vanquished.

Grand Total: 194 creatures vanquished

Notes
Turn   | Place    | Note
-------+----------+-------------------------------------------
     0 | D:1      | Kingsmith the Troll Berserker began the quest for the Orb.
     0 | D:1      | Reached XP level 1. HP: 22/22 MP: 0/0
   207 | D:1      | Reached XP level 2. HP: 29/29 MP: 1/1
   476 | D:1      | Reached XP level 3. HP: 36/36 MP: 2/2
   492 | D:1      | Reached ** piety under Trog
   961 | D:2      | Found a glowing golden altar of the Shining One.
  1079 | D:2      | Noticed Robin
  1083 | D:2      | Killed Robin
  1138 | D:2      | Reached XP level 4. HP: 41/44 MP: 3/3
  1215 | D:3      | Reached skill level 5 in Unarmed Combat
  1309 | D:3      | Noticed Ijyb
  1320 | D:3      | Killed Ijyb
  1575 | D:3      | Found a basalt altar of Yredelemnul.
  1737 | D:3      | Reached XP level 5. HP: 50/50 MP: 4/4
  2035 | D:3      | Reached *** piety under Trog
  2138 | D:4      | Found an opulent altar of Gozag.
  2168 | D:4      | Reached skill level 3 in Fighting
  2183 | D:4      | Reached XP level 6. HP: 61/61 MP: 5/5
  2265 | D:4      | Reached skill level 4 in Fighting
  2479 | D:5      | Entered Level 5 of the Dungeon
  2490 | D:5      | Found a shadowy altar of Dithmenos.
  2502 | D:5      | Reached XP level 7. HP: 64/71 MP: 6/6
  2549 | D:5      | Reached skill level 5 in Fighting
  2900 | D:5      | Reached skill level 6 in Fighting
  2909 | D:5      | Reached **** piety under Trog
  2944 | D:5      | Reached XP level 8. HP: 83/83 MP: 7/7
  3566 | D:6      | Reached skill level 5 in Dodging
  3599 | D:6      | Found a runed door.
  3634 | D:6      | Found a runed door.
  3941 | D:6      | Found a blossoming altar of Fedhas.
  3999 | D:6      | Reached XP level 9. HP: 78/88 MP: 8/8
  4306 | D:7      | Found a stormy altar of Qazlal.
  4307 | D:7      | Found a hide-covered altar of Uskayaw.
  4419 | D:7      | Reached skill level 7 in Fighting
  4641 | D:7      | Found a staircase to the Ecumenical Temple.
  4929 | D:8      | Found a radiant altar of Vehumet.
  5066 | D:8      | Noticed Maurice
  5076 | D:8      | Killed Maurice
  5083 | D:8      | Reached ***** piety under Trog
  5083 | D:8      | Reached skill level 8 in Fighting
  5088 | D:8      | Noticed a queen bee
  5093 | D:8      | HP: 4/95 [killer bee (6)]
  5093 | D:8      | Slain by a killer bee

Skill      XL: |  1  2  3  4  5  6  7  8  9 |
---------------+----------------------------+-----
Unarmed Combat | 4 5 6 7 |  7.2
Fighting       | 3 4 6 8 |  8.1
Dodging        | 3 7 |  7.1

Action                   |  1- 3 |  4- 6 |  7- 9 || total
-------------------------+-------+-------+-------++-------
Melee: Unarmed           |   117 |   125 |   291 ||   533
       Punch             |     2 |     3 |     8 ||    13
Invok: Berserk           |       |     1 |     5 ||     6
       Brothers in Arms  |       |       |     2 ||     2
       Trog's Hand       |       |       |     1 ||     1
  Use: Scroll            |       |     4 |     2 ||     6
       Potion            |       |       |     2 ||     2
 Stab: Sleeping          |     2 |       |       ||     2
  Eat: Chunk             |    11 |    18 |    25 ||    54
Armor: Animal skin       |    48 |    17 |   106 ||   171
Dodge: Dodged            |    57 |    54 |   184 ||   295
